 Dungeon Crawl Stone Soup version 0.29-a0-845-g6161e89988 (webtiles) character file.

Game seed: 16177036945359373013

252 omnesmortales the Sneak (level 5, -6/24 HPs)
             Began as a Spriggan Enchanter on July 15, 2022.
             Killed from afar by an orc wizard (10 damage)
             ... with a puff of flame
             ... on level 4 of the Dungeon.
             The game lasted 00:47:38 (6649 turns).

omnesmortales the Sneak (Spriggan Enchanter)        Turns: 6649, Time: 00:47:39

Health: -6/24      AC:  3    Str:  6    XL:     5   Next: 89%
Magic:  0/11       EV: 22    Int: 16    God:
Gold:   108        SH:  0    Dex: 16    Spells: 7/10 levels left

rFire   . . .      SeeInvis +   a - +1 dagger
rCold   . . .      Faith    .   (no shield)
rNeg    . . .      Spirit   .   b - +0 robe
rPois   .          Reflect  .   (helmet restricted)
rElec   .          Harm     .   t - +0 cloak
rCorr   .          Rampage  .   (gloves unavailable)
Will    .....                   (boots unavailable)
Stlth   ++++......              (no amulet)
HPRegen 0.08/turn               j - +4 ring of evasion
MPRegen 0.12/turn               (no ring)

@: very slightly contaminated, very quick
A: very small, no large weapons, unfitting armour, see invisible, speed 3
a: no special abilities


You were on level 4 of the Dungeon.
You visited 1 branch of the dungeon, and saw 6 of its levels.

You collected 108 gold pieces.

Inventory:

Hand Weapons
 a - a +1 dagger (weapon)
 w - a +0 longbow
Missiles
 e - 39 stones (quivered)
Armour
 b - a +0 robe (worn)
 n - a +0 pair of gloves
 t - a +0 cloak (worn)
 v - the +2 leather armour of Duosaase {Str+3 Int-3 Dex+3}
   (You found it on level 3 of the Dungeon)

   Str:       It affects your strength (+3).
   Int:       It affects your intelligence (-3).
   Dex:       It affects your dexterity (+3).
Jewellery
 j - a +4 ring of evasion (left hand)
 p - an amulet of magic regeneration
Wands
 y - a wand of iceblast (5)
Scrolls
 f - 5 scrolls of identify {unknown}
 h - a scroll of immolation {unknown}
 i - 2 scrolls of teleportation {unknown}
 k - a scroll of torment {unknown}
 l - a scroll of enchant armour {unknown}
 q - a scroll of poison {unknown}
 s - a scroll of amnesia {unknown}
 x - a scroll of magic mapping {unknown}
Potions
 c - 2 potions of invisibility
 d - 2 potions of might {unknown}
 g - a potion of attraction {unknown}
 m - a potion of ambrosia {unknown}
 o - a potion of curing {unknown}
 r - a potion of brilliance {unknown}
 u - a potion of flight {unknown}
 z - 2 potions of mutation {unknown}


   Skills:
 + Level 0.1 Fighting
 + Level 3.2 Short Blades
 + Level 3.2 Dodging
 + Level 7.4 Stealth
 + Level 3.3 Spellcasting
 + Level 4.4 Hexes
 + Level 0.7 Ice Magic


You had 7 spell levels left.
You knew the following spells:

 Your Spells              Type           Power      Damage    Failure   Level
a - Ensorcelled Hibernat  Hex/Ice        22%        N/A       10%         2
b - Slow                  Hex            68%        N/A       2%          1

Your spell library contained the following spells:

 Spells                   Type           Power      Damage    Failure   Level
 Confusing Touch          Hex            17%        N/A       9%          3
 Tukima's Dance           Hex            17%        N/A       9%          3
 Dazzling Flash           Conj/Hex       18%        N/A       22%         3
 Static Discharge         Conj/Air       2%         3-4/arc   26%         2
 Mephitic Cloud           Conj/Pois/Air  2%         N/A       47%         3
 Vampiric Draining        Necr           2%         2d6       47%         3
 Dispel Undead            Necr           2%         3d7       87%         4
 Sticky Flame             Conj/Fire      2%         2d3       87%         4
 Orb of Destruction       Conj           1%         9d5       100%        7


Dungeon Overview and Level Annotations

Branches:
Dungeon (6/15)
 Temple: D:4-7

Altars:
Dithmenos
Gozag
Qazlal
Uskayaw

Shops:
D:4 :


Innate Abilities, Weirdness & Mutations

You are very small and have problems with some larger weapons.
You are too small for most types of armour.
You have supernaturally acute eyesight. (SInv)
You cover ground extremely quickly. (Speed+++)


Message History

Aim: an orc wizard, wielding a +0 dagger and wearing a +0 robe (severely wounded, slightly transparent, chance to affect: 45%)
The orc wizard resists with some effort.
The orc wizard completely misses you. The orc closely misses you.
You hit the orc wizard.
The orc wizard is severely wounded.
The orc completely misses you. The orc wizard closely misses you.
You miss the orc wizard.
The orc wizard is severely wounded.
The orc completely misses you.
The orc wizard gestures at you while chanting.
The magic dart hits you.
You barely miss the orc wizard.
The orc wizard is severely wounded.
You barely miss the orc wizard.
The orc wizard is severely wounded.
The orc completely misses you. The orc wizard misses you.
You closely miss the orc wizard.
The orc wizard is severely wounded.
The orc hits you with a +0 flail.
* * * LOW HITPOINT WARNING * * *
The orc wizard misses you.
You closely miss the orc wizard.
The orc wizard is severely wounded.
The orc wizard completely misses you. The orc hits you with a +0 flail.
* * * LOW HITPOINT WARNING * * *
Casting: Ensorcelled Hibernation (safe; 10% risk of failure)
Confirm with . or Enter, or press ? or * to list all spells.
Aiming: Ensorcelled Hibernation (safe; 10% risk of failure)
Press: ? - help, Shift-Dir - straight line, f/p - orc wizard
Aim: an orc wizard, wielding a +0 dagger and wearing a +0 robe (severely wounded, slightly transparent, chance to affect: 45%)
You miscast Ensorcelled Hibernation.
You are very lightly contaminated with residual magic.
Nothing appears to happen.
The orc completely misses you. The orc wizard closely misses you.
You closely miss the orc wizard. You punch the orc wizard.
The orc wizard is almost dead.
The orc barely misses you.
The orc wizard gestures at you while chanting.
The puff of flame hits you!
You die...

##.##.##.#......
###########...#.##.#..###.
...##..........##....# #. #
## #.##.##..o...)#####.# #.
#. #.##........o.....####.#
## #..
#.#..#.##!............#
#..###...∩....(....########
#...#.#..#.####...##
#........#..o@oo..######
###>#.......####.......# #
#.......# #..####.#
#.#....<..# #..####.#
#.#......[####....##.#
#.#.......#.......##.#
#####.#.......#.##.##.##[#
..............# #[......#
........####### #.##.####


You could see an orc wizard (invisible) and 2 orcs.

Vanquished Creatures
  An ogre (D:5)
  A hound (D:4)
  Robin (D:2)
  A gnoll (D:3)
  3 adders (D:2)
  A worm (D:3)
  4 dart slugs
  3 orcs
  5 endoplasms
  3 giant cockroaches
  9 goblins
  8 hobgoblins
  5 jackals
  5 kobolds
  4 quokkas
  5 ball pythons
  2 bats
  7 frilled lizards
  5 rats
73 creatures vanquished.

Vanquished Creatures (others)
  11 plants
11 creatures vanquished.

Grand Total: 84 creatures vanquished

Notes
Turn   | Place    | Note
-------+----------+-------------------------------------------
     0 | D:1      | omnesmortales the Spriggan Enchanter began the quest for
                  | the Orb.
     0 | D:1      | Reached XP level 1. HP: 9/9 MP: 5/5
   235 | D:1      | Reached XP level 2. HP: 13/13 MP: 6/6
   294 | D:1      | Got the Vellum of Combat Magic
   487 | D:1      | Found a faded altar of an unknown god.
   854 | D:1      | Reached skill level 5 in Stealth
  1501 | D:1      | Learned a level 2 spell: Ensorcelled Hibernation
  1537 | D:2      | Reached XP level 3. HP: 15/16 MP: 8/8
  3001 | D:2      | Reached XP level 4. HP: 16/21 MP: 9/9
  3174 | D:2      | Reached skill level 6 in Stealth
  3177 | D:2      | Noticed Robin
  3252 | D:2      | Killed Robin
  4286 | D:3      | Found a shadowy altar of Dithmenos.
  4286 | D:3      | Found a hide-covered altar of Uskayaw.
  4319 | D:3      | Learned a level 1 spell: Slow
  4511 | D:3      | Found an opulent altar of Gozag.
  4817 | D:3      | Identified the +2 leather armour of Duosaase {Str+3 Int-3
                  | Dex+3}
  5012 | D:3      | You fall into a shaft and drop 3 floors!
  5019 | D:6      | Noticed an ice beast
  5041 | D:5      | Entered Level 5 of the Dungeon
  5074 | D:5      | Found a stormy altar of Qazlal.
  5076 | D:5      | Noticed an ogre
  5084 | D:5      | Noticed a troll
  5116 | D:5      | Killed an ogre
  5117 | D:5      | Reached skill level 7 in Stealth
  5117 | D:5      | Reached XP level 5. HP: 24/24 MP: 7/10
  5154 | D:5      | Noticed a phantom
  6593 | D:4      | Found Rareg's Book Emporium.
  6649 | D:4      | Killed from afar by an orc wizard

Illustrated notes

Levels and vault maps discovered:
D:1:      dpeg_arrival_rhombi, layout_loops_corners,
          ebering_ecumenical_altar_hall, minmay_circled_x
D:2:      layout_basic, serial_bayou_pond_d, roderic_lattice_a,
          minmay_misc_feat_chi, uniq_robin
D:3:      layout_basic, mainiacjoe_overflow_chevrons, nicolae_overflow_squiral,
          minmay_splitting_lines, corexii_hall_statues_s,
          minmay_misc_feat_roman, minmay_misc_feat_four_crosses
D:4:      layout_loops_cross, serial_shops, shop, sigmund_edmund_badplayer
D:5:      layout_rooms, mainiacjoe_overflow_concentric_impassable,
          minmay_temple_entry_water_ring, gammafunk_ghost_nasty_kobolds,
          nicolae_take_the_stairs, nicolae_zen_rock_garden
D:6:      layout_cave_pods, kennysheep_path_1, uniq_duvessa

Skill      XL: |  1  2  3  4 |
---------------+-------------+-----
Dodging        | 3 |  3.2
Stealth        | 5 7 |  7.4
Short Blades   | 2 3 |  3.2
Hexes          | 4 |  4.4
Spellcasting   | 3 |  3.3
Fighting       | |  0.1
Ice Magic      | |  0.7

Action                   |  1- 3 |  4- 6 || total
-------------------------+-------+-------++-------
Melee: Dagger            |   128 |   102 ||   230
       Punch             |     1 |     1 ||     2
 Cast: Ensorcelled Hiber |    11 |    36 ||    47
 Stab: Sleeping          |    17 |    24 ||    41
       Distracted        |       |     1 ||     1
Armor: Robe              |     7 |     9 ||    16
Dodge: Dodged            |    74 |    84 ||   158

Table legend: (Time is in decaauts)
 A = Elapsed time spent in this place.
 B = Non-inter-level travel time spent in this place.
 C = Inter-level travel time spent in this place.
 D = Time resting spent in this place.
 E = Time spent auto-exploring this place.
 F = Levels seen in this place.
 G = Mean time per level.
                   A        B        C        D        E       F      G
               +--------+--------+--------+--------+--------+-----+--------+
         Total |   5245 |   5222 |     23 |   2708 |    867 |   6 |  874.2 |
       Dungeon |   5245 |   5222 |     23 |   2708 |    867 |   6 |  874.2 |
               +--------+--------+--------+--------+--------+-----+--------+

Top non-repeatable levels by time:
     D:2: 2098 daAuts
     D:3: 1350 daAuts
     D:1: 1137 daAuts
     D:4: 567 daAuts
     D:5: 72 daAuts
     D:6: 18 daAuts
